 Dungeon Sprint DCSS version 0.26-a0-651-gb41185065b (webtiles) character file.

Game seed: 2954449006310974710

286533 mhtbhm the Fencer (level 13, 103/139 HPs)
             Began as a Red Draconian Berserker on Sept 30, 2020.
             Was the Champion of Trog.
             Escaped with the Orb!
             The game lasted 00:15:27 (5575 turns).

mhtbhm the Fencer (Red Draconian Berserker)         Turns: 5575, Time: 00:15:28

Health: 103/139    AC: 12    Str: 25    XL:     13   Next: 31%
Magic:  13/13      EV: 21    Int:  4    God:    Trog [******]
Gold:   3969       SH:  0    Dex: 11    Spells: 12/12 levels left

rFire    + . .     SeeInvis .   c - +2 great sword (flame)
rCold    + . .     Faith    .   (shield currently unavailable)
rNeg     . . .     Spirit   .   (armour unavailable)
rPois    +         Reflect  .   (helmet restricted)
rElec    +         Harm     .   j - scarf {shadows}
rCorr    .         Rampage  .   (no gloves)
MR       .....     NoTele   +   (no boots)
Stlth    +.........             z - amulet of regeneration
HPRegen  0.73/turn              x - ring "Etofat" {*Contam +Fly rElec rPois rC+ Int-3}
MPRegen  0.13/turn              l - +4 ring of protection

@: berserk cooldown, slowed, very slow
A: breathe fire, unfitting armour, fire resistance 1, cold-blooded, AC +8
0: Orb of Zot
a: Breathe Fire, Berserk, Trog's Hand, Brothers in Arms, Renounce Religion,
Evoke Flight


You escaped.
You worshipped Trog.
Trog was exalted by your worship.
You visited 1 branch You collected 6798 gold pieces.
You spent 2829 gold pieces at shops.

Inventory:

Hand Weapons
 a - a +8 antimagic long sword
 c - a +2 great sword of flaming (weapon)
 A - a +5 scimitar of holy wrath
 D - a +3 vorpal double sword
Missiles
 u - 7 curare-tipped darts (quivered)
Armour
 j - a scarf of shadows (worn)
 B - a +2 tower shield
Jewellery
 k - an uncursed ring of positive energy
 l - a +4 ring of protection (right hand)
 x - the ring "Etofat" (left hand) {*Contam +Fly rElec rPois rC+ Int-3}
   (You acquired it in the Dungeon)

   [ring of protection from cold]

   It affects your intelligence (-3).
   It protects you from cold.
   It insulates you from electricity.
   It protects you from poison.
   It lets you fly.
   It causes magical contamination when unequipped.
 y - an uncursed ring of fire
 z - an amulet of regeneration (around neck)
Wands
 t - a wand of digging (2)
 C - a wand of paralysis (7)
Scrolls
 h - a scroll of brand weapon
 m - a scroll of torment
 o - 2 scrolls of magic mapping
 p - a scroll of identify
 r - 3 scrolls of enchant weapon
 s - 4 scrolls of enchant armour
 w - 3 scrolls of remove curse
Potions
 b - 4 potions of curing
 d - 2 potions of haste
 e - 2 potions of magic
 f - a potion of berserk rage
 i - a potion of lignification
 q - 3 potions of flight
 v - a potion of resistance
Miscellaneous
 g - a condenser vane (2/2)
 n - a lightning rod (4/4)


   Skills:
 + Level 20.2 Fighting
 + Level 20.5 Long Blades
 + Level 0.9 Throwing
 + Level 17.4 Dodging
 + Level 5.9 Stealth
 + Level 4.5 Evocations


You had 12 spell levels left.
You didn't know any spells.
Your spell library was empty.

Dungeon Overview and Level Annotations

Branches:
Dungeon (1/1)

Altars:
Cheibriados
Dithmenos
Elyvilon
Fedhas
Gozag
Hepliaklqana
Kikubaaqudgha
Makhleb
Nemelex Xobeh
Okawaru
Qazlal
Ru
Sif Muna
Trog
Uskayaw
Vehumet
Wu Jian
Xom
Yredelemnul
Zin
The Shining One
Jiyva
Lugonu

Shops:
D ?*(*?*((!*?}(:*[!*

Annotations:
D Tiamat


Innate Abilities, Weirdness & Mutations

You can breathe blasts of fire.
Your fiery red scales are hard. (AC +8)
You cannot fit into any form of body armour.
Your flesh is heat resistant. (rF+)
You are cold-blooded and may be slowed by cold attacks.


Message History

You feel yourself moving faster!
You feel mighty! The blizzard demon hits you. The blizzard demon hits you!
You slice the blizzard demon!! You burn the blizzard demon.
You tail-slap the blizzard demon.
The blizzard demon is heavily wounded.
You slice the blizzard demon!! You burn the blizzard demon!
You kill the blizzard demon!
Trog accepts your kill.
There is an open door, spattered with blood here.
You see here a +0 giant club.
You feel a strong urge to attack something.
Things that are here:
a +0 club; a +0 ring mail You feel your anger nearly subside.
You are no longer berserk.
You are exhausted.
You feel yourself slow down.
There is an open door here.
You float gracefully downwards.
There is a staircase leading out of the dungeon here.
You have escaped!

##################
#@.#..)..#○○'..#__
#..').#..'°°#..'..
#..#####'#####'#__
#..####.°#...#.###
#..#__####..##.#≈§
#..#_____##'#§.'≈§
#⌠⌠#_.∩...'..§_#§≈
####_..__##_.#'##'
#_____###'#.#§§


There were no monsters in sight!

Vanquished Creatures
  the Lernaean hydra (D)
  A deep elf master archer (D)
  2 fire giants (D)
  A daeva (D)
  A deep elf annihilator (D)
  A lorocyproca (D)
  A blizzard demon (D)
  A mummy priest (D)
  A hydra (D)
  2 centaur warriors (D)
  Sonja (D)
  A deep troll (D)
  7 unseen horrors (D)
  A lindwurm (D)
  2 oklob plants (D)
  2 merfolk sirens (D)
  2 gargoyles (D)
  2 kobold demonologists (D)
  4 demonic crawlers (D)
  A hellwing (D)
  A meliai (D)
  5 hornets (D)
  A slime creature (D)
  2 redbacks (D)
  Sigmund (D)
  A yak (D)
  13 hogs (D)
  3 floating eyes (D)
  7 necrophages (D)
  An ogre (D)
  8 jellies (D)
  Ijyb (D)
  A ballistomycete spore (D)
80 creatures vanquished.

Vanquished Creatures (collateral kills)
  A golden dragon (D)
  A shadow dragon (D)
  A fire giant (D)
3 creatures vanquished.

Vanquished Creatures (others)
  A fire giant (D)
  A ballistomycete spore (D)
2 creatures vanquished.

Grand Total: 85 creatures vanquished

Notes
Turn   | Place    | Note
-------+----------+-------------------------------------------
     0 | D        | mhtbhm the Draconian Berserker began the quest for the Orb.
     0 | D        | Reached XP level 1. HP: 19/19 MP: 1/1
     1 | D        | Noticed Ijyb
    10 | D        | Killed Ijyb
    10 | D        | Reached skill level 5 in Fighting
    10 | D        | Reached XP level 2. HP: 19/29 MP: 2/2
   120 | D        | Noticed an ogre
   122 | D        | Killed an ogre
   122 | D        | Reached skill level 5 in Dodging
   122 | D        | Reached XP level 3. HP: 38/38 MP: 3/3
   122 | D        | Reached XP level 4. HP: 45/45 MP: 4/4
   169 | D        | Noticed Sigmund
   174 | D        | Killed Sigmund
   174 | D        | Reached ** piety under Trog
   174 | D        | Reached XP level 5. HP: 56/56 MP: 5/5
   221 | D        | Found a burning altar of Makhleb.
   221 | D        | Found a viscous altar of Jiyva.
   221 | D        | Found a shimmering altar of Xom.
   221 | D        | Found a corrupted altar of Lugonu.
   221 | D        | Noticed a slime creature
   228 | D        | Killed a slime creature
   228 | D        | Reached XP level 6. HP: 66/66 MP: 6/6
   292 | D        | Noticed a kobold demonologist
   292 | D        | Noticed a floating eye
   292 | D        | Noticed a kobold demonologist
   294 | D        | Noticed a ynoxinul
   294 | D        | Killed a floating eye
   294 | D        | Reached skill level 10 in Fighting
   294 | D        | Your scales start taking on a fiery red colour.
   294 | D        | Reached XP level 7. HP: 72/72 MP: 7/7
   294 | D        | Gained mutation: Your flesh is heat resistant. (rF+) [Red
                  | Draconian growth]
   295 | D        | Noticed a hellwing
   296 | D        | Noticed a soul eater
   301 | D        | Killed a kobold demonologist
   301 | D        | Reached *** piety under Trog
   301 | D        | Reached skill level 10 in Long Blades
   314 | D        | Noticed a neqoxec
   319 | D        | Killed a kobold demonologist
   319 | D        | Reached XP level 8. HP: 19/82 MP: 8/8
   606 | D        | Found an ornate altar of the Wu Jian Council.
   606 | D        | Found a shimmering blue altar of Sif Muna.
   608 | D        | Found a radiant altar of Vehumet.
   615 | D        | Reached **** piety under Trog
   731 | D        | Found Nayneimo's General Store.
   731 | D        | Found a hazy altar of Hepliaklqana.
   731 | D        | Found a stormy altar of Qazlal.
   731 | D        | Found a hide-covered altar of Uskayaw.
   731 | D        | Found a blossoming altar of Fedhas.
   731 | D        | Found a bloodstained altar of Trog.
   731 | D        | Found an iron altar of Okawaru.
   731 | D        | Found a snail-covered altar of Cheibriados.
   731 | D        | Found a sacrificial altar of Ru.
   731 | D        | Found a glowing silver altar of Zin.
   743 | D        | Reached skill level 10 in Dodging
   744 | D        | Found an ancient bone altar of Kikubaaqudgha.
   744 | D        | Found a basalt altar of Yredelemnul.
   744 | D        | Found a glowing golden altar of the Shining One.
   744 | D        | Found an opulent altar of Gozag.
   744 | D        | Found a shadowy altar of Dithmenos.
   744 | D        | Found a white marble altar of Elyvilon.
   745 | D        | Found a sparkling altar of Nemelex Xobeh.
   904 | D        | Noticed a centaur warrior
   904 | D        | Noticed a centaur warrior
   911 | D        | Killed a centaur warrior
   917 | D        | Killed a centaur warrior
   917 | D        | Reached skill level 1 in Stealth
   917 | D        | Reached XP level 9. HP: 30/93 MP: 9/9
  1196 | D        | Noticed a deep troll
  1207 | D        | Killed a deep troll
  1220 | D        | Found Hasmeocien's Armour Emporium.
  1340 | D        | Reached ***** piety under Trog
  1425 | D        | Noticed an oklob plant
  1437 | D        | Killed an oklob plant
  1682 | D        | Reached XP level 10. HP: 57/102 MP: 10/10
  1848 | D        | Killed an unseen horror
  1852 | D        | Killed an unseen horror
  1920 | D        | Reached ****** piety under Trog
  1921 | D        | Received a gift from Trog
  1991 | D        | Received a gift from Trog
  2025 | D        | Found Soukagou's Assorted Antiques.
  2025 | D        | Found Mypt's Weapon Shop.
  2025 | D        | Found Aryc's Magic Scroll Boutique.
  2027 | D        | Found Hutan's General Store.
  2027 | D        | Found Nobb's Weapon Shop.
  2027 | D        | Found Sithetz's Weapon Shoppe.
  2027 | D        | Found Iriopp's Distillery.
  2027 | D        | Found Xaot's Assorted Antiques.
  2027 | D        | Found Ogeshruso's Magic Scroll Shop.
  2031 | D        | Found Lubruit's Gadget Shoppe.
  2032 | D        | Found Tuxu's Antique Weapon Boutique.
  2033 | D        | Found Agaegog's Assorted Antiques.
  2033 | D        | Found Nin Zumi's Book Boutique.
  2038 | D        | Found Gyiporoe's Distillery.
  2057 | D        | Bought a scroll of magic mapping for 49 gold pieces
  2057 | D        | Bought a scroll of identify for 28 gold pieces
  2062 | D        | Bought a condenser vane (2/2) for 200 gold pieces
  2062 | D        | Bought a scroll of identify for 20 gold pieces
  2065 | D        | Bought a potion of flight for 42 gold pieces
  2065 | D        | Bought a potion of heal wounds for 70 gold pieces
  2066 | D        | Bought a bound emerald amulet for 115 gold pieces
  2066 | D        | Bought 2 potions of flight for 138 gold pieces
  2071 | D        | Identified the amulet "Icro" {Inacc MR- Str+8} (You bought
                  | it in a shop in the Dungeon)
  2078 | D        | Bought a scroll of enchant weapon for 82 gold pieces
  2078 | D        | Bought a scroll of enchant weapon for 82 gold pieces
  2078 | D        | Bought a scroll of enchant armour for 82 gold pieces
  2078 | D        | Bought a scroll of enchant armour for 82 gold pieces
  2081 | D        | Bought a wand of digging (5) for 198 gold pieces
  2155 | D        | Reached skill level 15 in Long Blades
  2263 | D        | Noticed a lindwurm
  2268 | D        | Killed a lindwurm
  2283 | D        | Reached skill level 15 in Fighting
  2283 | D        | Reached XP level 11. HP: 112/112 MP: 11/11
  2289 | D        | Received a gift from Trog
  2297 | D        | Received a gift from Trog
  2556 | D        | Noticed Sonja
  2559 | D        | Killed Sonja
  2581 | D        | Found Poydej's Magic Scroll Boutique.
  2647 | D        | Bought a scroll of acquirement for 572 gold pieces
  2647 | D        | Acquired the ring "Etofat" {*Contam +Fly rElec rPois rC+
                  | Int-3}
  2810 | D        | Killed a lorocyproca
  2810 | D        | Received a gift from Trog
  3173 | D        | Noticed a 12-headed hydra
  3183 | D        | Killed a 16-headed hydra
  3183 | D        | Paralysed by a floating eye for 2 turns
  3646 | D        | Noticed a shadow dragon
  3646 | D        | Noticed a golden dragon
  3653 | D        | Killed a shadow dragon
  3653 | D        | Reached skill level 5 in Stealth
  3657 | D        | Killed a golden dragon
  3657 | D        | Reached skill level 15 in Dodging
  3758 | D        | Found Jaax's General Store.
  3776 | D        | Bought an uncursed amulet of regeneration for 420 gold
                  | pieces
  3910 | D        | Noticed a daeva
  3932 | D        | Noticed an unseen horror
  3939 | D        | Killed an unseen horror
  3939 | D        | Noticed an unseen horror
  3942 | D        | Noticed an unseen horror
  3950 | D        | Killed an unseen horror
  3950 | D        | Reached XP level 12. HP: 93/125 MP: 4/12
  3953 | D        | Reached skill level 1 in Evocations
  4117 | D        | Killed a daeva
  4254 | D        | Noticed a fire giant
  4258 | D        | Noticed a fire giant
  4259 | D        | Noticed a fire giant
  4262 | D        | Noticed a fire giant
  4265 | D        | Killed a fire giant
  4271 | D        | Killed a fire giant
  4271 | D        | Received a gift from Trog
  4278 | D        | Killed a fire giant
  4285 | D        | Killed a fire giant
  4493 | D        | Noticed a deep elf annihilator
  4507 | D        | Identified the +3 hand axe of Seegerr {venom, rF+}
  4515 | D        | Killed a deep elf annihilator
  4515 | D        | Received a gift from Trog
  4561 | D        | Noticed a mummy priest
  4571 | D        | Noticed a jiangshi
  4571 | D        | Killed a mummy priest
  4680 | D        | Noticed the 27-headed Lernaean hydra
  4693 | D        | Killed the 22-headed Lernaean hydra
  4693 | D        | Received a gift from Trog
  4693 | D        | Reached XP level 13. HP: 62/139 MP: 13/13
  4740 | D        | Identified the cursed +0 scale mail of the Sacrificial
                  | Victim {+Fly rN+ Int+6}
  4740 | D        | Noticed a deep elf master archer
  4821 | D        | Killed a deep elf master archer
  5366 | D        | Bought a scroll of enchant armour for 172 gold pieces
  5370 | D        | Bought a scroll of enchant weapon for 195 gold pieces
  5370 | D        | Bought a scroll of identify for 52 gold pieces
  5376 | D        | Bought 2 potions of haste for 200 gold pieces
  5376 | D        | Bought a potion of curing for 30 gold pieces
  5495 | D        | Identified the +4 dragonskin cloak
  5495 | D        | Noticed Tiamat
  5500 | D        | Got the Orb of Zot
  5561 | D        | Noticed a blizzard demon
  5567 | D        | Killed a blizzard demon
  5575 | D        | Escaped with the Orb!

Illustrated notes

Levels and vault maps discovered:
D:        dungeon_sprint_1 [red_sonja_temple_1, red_sonja_temple_small_1]

Skill      XL: |  1  2  3  4  5  6  7  8  9 10 11 12 13 |
---------------+----------------------------------------+-----
Fighting       | 5 6 8 9 10 11 13 15 17 19 20 | 20.2
Long Blades    | 4 6 7 9 10 12 13 15 18 20 | 20.5
Dodging        | 4 5 7 8 9 11 12 14 15 17 | 17.4
Stealth        | 1 2 4 5 |  5.9
Evocations     | 3 4 |  4.5
Throwing       | |  0.9

Action                   |  1- 3 |  4- 6 |  7- 9 | 10-12 | 13-15 || total
-------------------------+-------+-------+-------+-------+-------++-------
Melee: Falchion          |     9 |    10 |    92 |    41 |       ||   152
       Tailslap          |     1 |     5 |    17 |    59 |     1 ||    83
       Great sword       |       |       |       |    51 |    13 ||    64
       Long sword        |       |       |       |   122 |       ||   122
       Double sword      |       |       |       |    13 |       ||    13
Throw: Dart              |       |       |       |     1 |       ||     1
Invok: Berserk           |     1 |     3 |     3 |    12 |     1 ||    20
       Brothers in Arms  |       |       |       |     4 |       ||     4
 Abil: Breathe Fire      |       |       |       |     4 |     1 ||     5
       Evoke Flight      |       |       |       |     3 |     4 ||     7
Evoke: Wand              |       |       |       |     2 |     1 ||     3
       Lightning rod     |       |       |       |     1 |       ||     1
       Condenser vane    |       |       |       |     1 |       ||     1
  Use: Scroll            |       |       |     1 |     4 |     3 ||     8
       Potion            |       |       |       |     4 |     1 ||     5
 Stab: Sleeping          |       |       |     1 |       |       ||     1
       Confused          |       |       |       |       |     1 ||     1
Armor: Skin              |       |       |    15 |    39 |     1 ||    55
Dodge: Dodged            |     4 |     3 |    62 |   187 |     8 ||   264
       Rpst.: Falchion   |     2 |       |    13 |     8 |       ||    23
       Great sword       |       |       |       |    11 |       ||    11
       Long sword        |       |       |       |    12 |       ||    12
       Double sword      |       |       |       |     1 |       ||     1

Table legend: (Time is in decaauts)
 A = Elapsed time spent in this place.
 B = Non-inter-level travel time spent in this place.
 C = Inter-level travel time spent in this place.
 D = Time resting spent in this place.
 E = Time spent auto-exploring this place.
 F = Levels seen in this place.
 G = Mean time per level.
                   A        B        C        D        E       F      G
               +--------+--------+--------+--------+--------+-----+--------+
         Total |   5602 |   5602 |      0 |   3269 |      1 |   1 | 5602.0 |
       Dungeon |   5602 |   5602 |      0 |   3269 |      1 |   1 | 5602.0 |
               +--------+--------+--------+--------+--------+-----+--------+

Top non-repeatable levels by time:
       D: 5602 daAuts
